 Dungeon Crawl Stone Soup version 0.25-a0-341-g6f074c887a (webtiles) character file.

Game seed: 11926981037982637011, levelgen mode: deterministic

254 Error4North the Chopper (level 6, 0/52 HPs)
             Began as a Hill Orc Fighter on Dec 30, 2019.
             Slain by a centaur (4 damage)
             ... on level 4 of the Dungeon on Dec 31, 2019.
             The game lasted 00:11:52 (2931 turns).

Error4North the Chopper (Hill Orc Fighter)          Turns: 2931, Time: 00:11:52

Health: 0/52       AC:  9    Str: 18    XL:     6   Next: 14%
Magic:  7/7        EV:  7    Int:  9    God:
Gold:   182        SH:  9    Dex: 10    Spells: 7/7 levels left

rFire    . . .     SeeInvis .   q - +0 hand axe (curse)
rCold    + . .     Gourm    .   c - +0 shield
rNeg     . . .     Faith    .   b - +0 scale mail
rPois    .         Spirit   .   (no helmet)
rElec    .         Reflect  .   j - +0 cloak
rCorr    .         Harm     .   u - +0 pair of gloves
MR       .....                  (no boots)
Stlth    ..........             (no amulet)
HPRegen  0.17/turn              n - ring of protection from cold
MPRegen  0.10/turn              w - -2 ring of strength (curse)

@: lethally poisoned (0 -> -1)
A: no striking features
a: no special abilities


You were on level 4 of the Dungeon.
You were near starving.

You visited 1 branch of the dungeon, and saw 4 of its levels.

You collected 182 gold pieces.

Inventory:

Hand Weapons
 a - a +0 war axe
 q - a cursed +0 hand axe (weapon)
 B - a +2 mace of protection
Missiles
 e - 91 stones (quivered)
 s - 8 boomerangs of dispersal
Armour
 b - a +0 scale mail (worn)
 c - a +0 shield (worn)
 j - a +0 cloak (worn)
 u - a +0 pair of gloves (worn)
Jewellery
 n - a ring of protection from cold (left hand)
 v - an uncursed ring of protection from cold
 w - a cursed -2 ring of strength (right hand)
 D - an uncursed ring of resist corrosion {unknown}
Wands
 E - a wand of digging (3)
Scrolls
 g - a scroll of remove curse {unknown}
 i - 2 scrolls of amnesia
 k - 8 scrolls of identify
 m - a scroll of random uselessness {unknown}
 p - a scroll of enchant armour {unknown}
 x - a scroll of teleportation {unknown}
 y - a scroll of fear {unknown}
Potions
 d - a potion of might
 h - a potion of heal wounds
 l - 2 potions of invisibility {unknown}
 o - 2 potions of flight {unknown}
 r - a potion of brilliance {unknown}
 t - 2 potions of haste {unknown}
 z - a potion of curing {unknown}
 A - a potion of degeneration {unknown}
Comestibles
 f - 4 rations
 C - 2 chunks of flesh


   Skills:
 + Level 4.1 Fighting
 + Level 4.6 Axes
 + Level 1.4 Throwing
 * Level 4.4 Armour
 + Level 0.3 Dodging
 * Level 4.5 Shields
 * Level 1.1 Spellcasting


You had 7 spell levels left.
You didn't know any spells.
Your spell library was empty.

Dungeon Overview and Level Annotations

Branches:
Dungeon (4/15)
 Temple: D:4-7

Altars:
Kikubaaqudgha
Vehumet
Zin

Annotations:
D:3 Grinder


Message History

You feel sick. The centaur hits you! x2
You hit the centaur.
The centaur is moderately wounded.
You block the centaur's attack.
You hit the centaur.
The centaur is heavily wounded.
You feel sick. The centaur hits you!
* * * LOW HITPOINT WARNING * * *
The centaur hits you!
* * * LOW HITPOINT WARNING * * *
Your scale mail prevents you from hitting the centaur.
The centaur is heavily wounded.
The centaur hits you but does no damage. x2
You hit the centaur.
The centaur is heavily wounded.
You block the centaur's attack.
You hit the centaur.
The centaur is severely wounded.
You feel sick. You block the centaur's attack. The centaur hits you.
You die...

#.# #.# #.# .#
#.# #.# #.# #.#
#.# #.# #.# #.##
#@# ##...##
#c#####.#.#.#####
#WZ..W...........
#######Z#.#.####
######.........
#.Z.....#######
#.####.## #(# #.#
#. #######.## #.#
#.


You could see a phantom, a centaur and a quokka skeleton.

Vanquished Creatures
  An orc wizard (D:3)
  2 orc priests (D:3)
  Ijyb (D:3)
  A worker ant (D:4)
  A hound skeleton (D:2)
  A gnoll (D:1)
  An adder (D:4)
  2 worms (D:2)
  2 dart slugs (D:1)
  A leopard gecko (D:1)
  5 orcs (D:3)
  A ball python (D:3)
  4 goblins
  12 hobgoblins
  6 jackals
  6 kobolds
  2 quokkas
  8 bats
  4 frilled lizards
  10 rats
71 creatures vanquished.

Notes
Turn   | Place    | Note
-------+----------+-------------------------------------------
     0 | D:1      | Error4North the Hill Orc Fighter began the quest for the
                  | Orb.
     0 | D:1      | Reached XP level 1. HP: 19/19 MP: 1/1
   119 | D:1      | Reached XP level 2. HP: 24/27 MP: 2/2
   332 | D:1      | Reached XP level 3. HP: 11/33 MP: 3/3
  1524 | D:2      | Found a glowing silver altar of Zin.
  1558 | D:2      | Found a radiant altar of Vehumet.
  1593 | D:2      | Reached XP level 4. HP: 25/40 MP: 4/4
  1655 | D:2      | Found an ancient bone altar of Kikubaaqudgha.
  2078 | D:3      | Reached XP level 5. HP: 46/46 MP: 6/6
  2151 | D:3      | Noticed Ijyb
  2156 | D:3      | Paralysed by Ijyb for 7 turns
  2174 | D:3      | Paralysed by Ijyb for 7 turns
  2186 | D:3      | Paralysed by Ijyb for 6 turns
  2202 | D:3      | Killed Ijyb
  2202 | D:3      | Reached skill level 1 in Spellcasting
  2556 | D:3      | Noticed Grinder
  2575 | D:3      | Paralysed by Grinder for 6 turns
  2778 | D:4      | Noticed a phantom
  2789 | D:4      | Reached skill level 1 in Throwing
  2789 | D:4      | Reached XP level 6. HP: 48/52 MP: 7/7
  2825 | D:4      | Noticed a phantom
  2931 | D:4      | Slain by a centaur

Levels and vault maps discovered:
D:1:      sevenhm_arrival_forest_fort_small_6, layout_basic
D:2:      layout_basic, nicolae_overflow_hidden_temple,
          grunt_temple_overflow_open
D:3:      layout_rooms, uniq_grinder, uniq_ijyb
D:4:      layout_loops_ring, nicolae_ossuary_entry_ruins

Skill      XL: |  1  2  3  4  5 |
---------------+----------------+-----
Axes           | 3 4 |  4.6
Armour         | 4 |  4.4
Fighting       | 4 |  4.1
Shields        | 4 |  4.5
Spellcasting   | 1 |  1.1
Throwing       | 1 |  1.4
Dodging        | |  0.3

Action                   |  1- 3 |  4- 6 || total
-------------------------+-------+-------++-------
Melee: War axe           |    88 |       ||    88
       Hand axe          |    30 |   137 ||   167
Throw: Stone             |    25 |    24 ||    49
  Use: Potion            |       |     2 ||     2
       Scroll            |       |     1 ||     1
  Eat: Chunk             |     2 |     3 ||     5
Armor: Scale mail        |    43 |   103 ||   146
Dodge: Dodged            |    30 |    47 ||    77
Block: Shield            |    67 |    89 ||   156

Table legend:
 A = Non-vault XP
 B = Vault XP
 C = Vault XP percentage of total XP
 D = Non-vault monster count
 E = Vault monster count
 F = Vault count percentage of total count
                 A         B        C        D         E       F
            +---------+---------+-------+---------+---------+-------
      Total |     327 |      36 |   9.9 |      70 |       1 |   1.4
            +---------+---------+-------+---------+---------+-------
        D:1 |      53 |       0 |   0.0 |      22 |       0 |   0.0
        D:2 |      54 |       0 |   0.0 |      18 |       0 |   0.0
        D:3 |     169 |      36 |  17.6 |      27 |       1 |   3.6
        D:4 |      51 |       0 |   0.0 |       3 |       0 |   0.0
            +---------+---------+-------+---------+---------+-------
